 Dungeon Sprint DCSS version 0.19.0-2-gae57169 (webtiles) character file.

4034 Groucho the Unseen (level 10, -2/44 HPs)
             Began as a Spriggan Enchanter on Nov 4, 2016.
             Was a Follower of Dithmenos.
             Engulfed by a crystal guardian's steam (3 damage)
             ... in the Dungeon (Sprint II: "The Violet Keep of Menkaure").
             The game lasted 00:10:05 (4068 turns).

Groucho the Unseen (Spriggan Enchanter)             Turns: 4068, Time: 00:10:06

Health: -2/44      AC:  3    Str:  5    XL:     10   Next: 4%
Magic:  31/36      EV: 31    Int: 18    God:    Dithmenos [*.....]
Gold:   573        SH:  0    Dex: 16    Spells: 4 memorised, 25 levels left

rFire  . . .     SeeInvis +     a - +1 dagger
rCold  . . .     Gourm    .     b - +1 robe
rNeg   . . .     Faith    .     (shield restricted)
rPois  .         Spirit   .     (helmet restricted)
rElec  .         Reflect  .     (no cloak)
rCorr  .         Harm     .     (gloves unavailable)
MR     +....     NoTele   +     (boots unavailable)
Stlth  ++++++++..               (no amulet)
                                (no ring)
                                f - ring of magical power

@: wreathed by umbra, very quick
A: unfitting armour, horns 1, see invisible, clumsy 1, deterioration 1,
herbivore 3, speed 3, screaming 1, slow metabolism 2, MP-powered wands
a: Renounce Religion


You were in the Dungeon.
You worshipped Dithmenos.
Dithmenos was aware of your devotion.
You were full.

You visited 1 branch You collected 1053 gold pieces.
You spent 480 gold pieces at shops.

Inventory:

Hand Weapons
 a - a +1 dagger (weapon)
Armour
 b - a +1 robe (worn)
Jewellery
 f - a ring of magical power (left hand)
Potions
 h - a potion of magic
Books
 c - a book of Maledictions

   Spells                             Type                      Level
   a - Corona                         Hexes                        1
   b - Ensorcelled Hibernation        Hexes/Ice                    2
   c - Confuse                        Hexes                        3
   d - Tukima's Dance                 Hexes                        3
   e - Dazzling Spray                 Conjuration/Hexes            3


   Skills:
 + Level 11.6 Short Blades
 + Level 14.7 Dodging
 + Level 16.0 Stealth
 + Level 12.6 Spellcasting
 + Level 12.7 Hexes


You had 25 spell levels left.
You knew the following spells:

 Your Spells              Type           Power        Failure   Level  Hunger
a - Corona                Hex            ######.      1%          1    None
b - Ensorcelled Hibernat  Hex/Ice        ####..       1%          2    None
c - Confuse               Hex            ######..     1%          3    None
d - Dazzling Spray        Conj/Hex       ####..       1%          3    None


Dungeon Overview and Level Annotations

Branches:
Dungeon (1/1)

Altars:
Cheibriados
Dithmenos
Elyvilon
Fedhas
Gozag
Hepliaklqana
Kikubaaqudgha
Makhleb
Nemelex Xobeh
Okawaru
Qazlal
Ru
Sif Muna
Trog
Uskayaw
Vehumet
Xom
Yredelemnul
Zin
The Shining One
Beogh
Jiyva
Lugonu

Shops:
D :!}[=!?:}*:=%?([

Annotations:
D exclusions: obsidian statue and oklob plant


Innate Abilities, Weirdness & Mutations

You are very small and have problems with some larger weapons.
You are too small for most types of armour.
You have supernaturally acute eyesight. (SInv)
You are a herbivore.
You cover ground extremely quickly.
You need consume almost no food.
You have a pair of small horns on your head.
You are clumsy. (Dex -2)
Your body sometimes deteriorates upon taking damage.
You occasionally shout uncontrollably at your foes.
You expend magic power (3 MP) to strengthen your wands.


Message History

Confirm with . or Enter, or press ? or * to list all spells.
Aiming: Ensorcelled Hibernation
Press: ? - help, Shift-Dir - straight line, f - soldier ant
Aim: a soldier ant (umbra, chance to defeat MR: 62%)
The soldier ant looks drowsy...
The crystal guardian completely misses you.
The helpless soldier ant fails to defend itself.
You skewer the soldier ant like a kebab!!!!
You kill the soldier ant!
Dithmenos accepts your kill.
Your Stealth skill increases to level 16!
Really walk into a travel-excluded area?
You enter the shallow water.
Moving in this stuff is going to be slow.
The crystal guardian fires a crystalline bolt at you.
The crystal bolt burns you!
Ouch! That really hurt!
* * * LOW HITPOINT WARNING * * *
You are engulfed in a cloud of scalding steam.
You die... ≈.##+##..# #. .# ≈##.#.##.#### +.##.# ≈#..#..#....# ...#### ###.#.####..#####..##)# $?$ .###'###.##..#$.'..#..# $[%(

.###.##.#.#..#..#..#..#▓)($(!$)[
#.'.<.'##.'..####.8##.#▓$?%??)((
.###.###..#....###..÷##▓▓▓▓▓▓▓+
.###'###.##...).@§≈≈≈≈≈≈≈≈≈≈≈≈
###.#.####§≈§...§≈#'########+##
≈#..#..#≈≈§≈≈≈≈.§§#.._.....#≈≈§#
≈##...##≈≈§§≈≈≈≈§≈#._._....#≈≈≈≈
≈≈##+##≈≈≈§§≈§≈≈≈≈#_._._...#§≈≈≈
#≈≈≈≈≈≈≈≈≈≈§§≈≈§≈≈#._._._..#§≈t§
#+++#+++#≈§§≈≈≈§≈≈#_._._._.#§§§§
§.§.. ##≈§≈###≈≈#._._._._#§t§§
..§§§§§§§##§§# #≈≈#.._._._.#§≈§§


There were no monsters in sight!

Vanquished Creatures
  2 death drakes (D)
  A yaktaur (D)
  3 polar bears (D)
  2 tyrant leeches (D)
  A hornet (D)
  A vampire mosquito (D)
  3 neqoxecs (D)
  Menkaure (D)
  3 soldier ants (D)
  A swamp drake (D)
  4 necrophages (D)
  A crocodile (D)
  4 worker ants (D)
27 creatures vanquished.

Vanquished Creatures (others)
  A neqoxec (D)
  A swamp drake (D)
2 creatures vanquished.

Grand Total: 29 creatures vanquished

Notes
Turn   | Place    | Note
-------+----------+-------------------------------------------
     0 | D        | Groucho the Spriggan Enchanter began the quest for the Orb.
     0 | D        | Reached XP level 1. HP: 9/9 MP: 5/5
     1 | D        | Noticed a tyrant leech
     1 | D        | Noticed a tyrant leech
     5 | D        | Noticed a neqoxec
     9 | D        | Noticed a quasit
    17 | D        | Killed a neqoxec
    17 | D        | Reached skill level 8 in Stealth
    17 | D        | Reached skill level 5 in Spellcasting
    17 | D        | Reached XP level 2. HP: 12/13 MP: 5/9
    17 | D        | Reached XP level 3. HP: 15/16 MP: 6/11
    17 | D        | Reached XP level 4. HP: 20/21 MP: 6/12
    18 | D        | Noticed a neqoxec
    18 | D        | Gained mutation: You expend magic power (3 MP) to strengthen your wands. [a neqoxec]
    26 | D        | Killed a neqoxec
    26 | D        | Reached skill level 5 in Short Blades
    26 | D        | Reached skill level 9 in Stealth
    26 | D        | Reached XP level 5. HP: 23/24 MP: 6/15
    28 | D        | Noticed a neqoxec
    28 | D        | Noticed a neqoxec
    28 | D        | Noticed a crocodile
    28 | D        | Gained mutation: You are clumsy. (Dex -2) [a neqoxec]
    30 | D        | Gained mutation: You occasionally shout uncontrollably at your foes. [a neqoxec]
    34 | D        | Gained mutation: Your body sometimes deteriorates upon taking damage. [a neqoxec]
    45 | D        | Learned a level 2 spell: Ensorcelled Hibernation
    45 | D        | Gained mutation: You have a pair of small horns on your head. [a neqoxec]
    48 | D        | Killed a neqoxec
    48 | D        | Reached skill level 10 in Stealth
    48 | D        | Reached XP level 6. HP: 16/28 MP: 2/18
    49 | D        | HP: 1/28 [crocodile (15)]
   118 | D        | Killed a neqoxec
   466 | D        | Reached skill level 10 in Dodging
   466 | D        | Reached skill level 11 in Stealth
   467 | D        | Reached XP level 7. HP: 32/32 MP: 20/20
   487 | D        | Learned a level 3 spell: Confuse
   496 | D        | Reached skill level 12 in Stealth
  1079 | D        | Learned a level 3 spell: Dazzling Spray
  1085 | D        | Killed a tyrant leech
  1085 | D        | Reached skill level 10 in Hexes
  1085 | D        | Reached XP level 8. HP: 36/36 MP: 14/22
  1093 | D        | Killed a tyrant leech
  1093 | D        | Reached skill level 13 in Stealth
  1093 | D        | Reached skill level 10 in Spellcasting
  1315 | D        | Found Godic's Gadget Boutique.
  1315 | D        | Found Qikikk's Book Shop.
  1315 | D        | Found Waidgh's Book Shop.
  1315 | D        | Found Tuzej's Magic Scroll Shop.
  1315 | D        | Found Lyoparuiff's Magic Scroll Boutique.
  1316 | D        | Found Avooph's Antique Armour Shop.
  1316 | D        | Found Ugoematig's Food Boutique.
  1316 | D        | Found Libb's Jewellery Shop.
  1316 | D        | Found Enyethy's Distillery.
  1316 | D        | Found Ziczukh's Jewellery Shop.
  1316 | D        | Found Gipnorcho's Antique Armour Boutique.
  1317 | D        | Found Vuyqaom's Gadget Shop.
  1317 | D        | Found Doqejok's Distillery.
  1317 | D        | Noticed an unseen horror
  1318 | D        | Found Loekkiad's Antique Weapon Boutique.
  1318 | D        | Found Pucouh's Assorted Antiques.
  1319 | D        | Noticed Menkaure
  1319 | D        | Noticed an unseen horror
  1319 | D        | Noticed an oklob plant
  1342 | D        | Killed Menkaure
  1347 | D        | Found Soumu's Book Shoppe.
  1355 | D        | Noticed a hell hog
  1370 | D        | Noticed a hell hog
  1385 | D        | Bought a glowing rapier for 260 gold pieces
  1397 | D        | Bought an uncursed ring of magical power for 220 gold pieces
  1425 | D        | Noticed an obsidian statue
  1434 | D        | Found a stormy altar of Qazlal.
  1434 | D        | Found a shimmering altar of Xom.
  1435 | D        | Found a hazy altar of Hepliaklqana.
  1435 | D        | Found a sacrificial altar of Ru.
  1435 | D        | Found a basalt altar of Yredelemnul.
  1436 | D        | Found a roughly hewn altar of Beogh.
  1436 | D        | Found a viscous altar of Jiyva.
  1436 | D        | Found a deep blue altar of Sif Muna.
  1437 | D        | Found a snail-covered altar of Cheibriados.
  1437 | D        | Found an ancient bone altar of Kikubaaqudgha.
  1437 | D        | Found a bloodstained altar of Trog.
  1451 | D        | Noticed a flying skull
  1468 | D        | Found a shadowy altar of Dithmenos.
  1468 | D        | Found a corrupted altar of Lugonu.
  1469 | D        | Noticed a yaktaur
  1469 | D        | Noticed a polar bear
  1469 | D        | Noticed a hornet
  1469 | D        | Noticed a polar bear
  1469 | D        | Noticed a polar bear
  1470 | D        | Killed a polar bear
  1471 | D        | Killed a polar bear
  1471 | D        | Reached skill level 10 in Short Blades
  1471 | D        | Reached skill level 14 in Stealth
  1473 | D        | Killed a polar bear
  1473 | D        | Reached XP level 9. HP: 31/39 MP: 23/25
  1476 | D        | Killed a yaktaur
  1482 | D        | Found a white marble altar of Elyvilon.
  1482 | D        | Found a blossoming altar of Fedhas.
  1483 | D        | Found a burning altar of Makhleb.
  1483 | D        | Found an opulent altar of Gozag.
  1485 | D        | Found a glowing silver altar of Zin.
  1485 | D        | Found a hide-covered altar of Uskayaw.
  1485 | D        | Found a sparkling altar of Nemelex Xobeh.
  1486 | D        | Found a glowing golden altar of the Shining One.
  1486 | D        | Found a radiant altar of Vehumet.
  1486 | D        | Found an iron altar of Okawaru.
  1501 | D        | Became a worshipper of Dithmenos the Shadowed
  1749 | D        | Noticed a death drake
  2142 | D        | Noticed a crystal guardian
  2449 | D        | Noticed a death drake
  3591 | D        | Reached skill level 15 in Stealth
  3620 | D        | Killed a death drake
  3762 | D        | Killed a death drake
  4058 | D        | Reached * piety under Dithmenos
  4060 | D        | Reached XP level 10. HP: 32/44 MP: 27/27
  4062 | D        | Reached skill level 16 in Stealth
  4067 | D        | HP: 1/44 [crystal guardian/crystal bolt (32)]
  4068 | D        | Engulfed by a crystal guardian's steam

Skill      XL: |  1  2  3  4  5  6  7  8  9 10 |
---------------+-------------------------------+-----
Short Blades   | 4 5 6 7 8 10 11 | 11.6
Dodging        | 6 8 9 10 11 13 14 | 14.7
Stealth        | 8 9 10 11 12 14 15 16 | 16.0
Spellcasting   | 5 7 8 9 11 12 | 12.6
Hexes          | 6 7 8 9 10 11 12 | 12.7

Action                   |  1- 3 |  4- 6 |  7- 9 | 10-12 || total
-------------------------+-------+-------+-------+-------++-------
Melee: Dagger            |     7 |    20 |    56 |     1 ||    84
       Headbutt          |       |       |     3 |       ||     3
 Cast: Ensorcelled Hiber |       |     5 |     7 |     1 ||    13
       Confuse           |       |       |    19 |       ||    19
       Dazzling Spray    |       |       |    18 |       ||    18
  Use: Potion            |     3 |     2 |     1 |       ||     6
       Scroll            |       |       |     1 |       ||     1
 Stab: Sleeping          |     1 |     4 |    11 |     1 ||    17
       Confused          |       |       |     8 |       ||     8
       Invisible         |       |       |     5 |       ||     5
  Eat: Bread ration      |       |       |     1 |       ||     1
Armor: Robe              |     6 |       |     3 |       ||     9
Dodge: Dodged            |    15 |     8 |    30 |     1 ||    54
